 Dungeon Crawl Stone Soup version 0.31-a0-174-g85c54bcb58 (webtiles) character file.

Game seed: 7686559185059826065

1298 qw the Cleaver (level 8, -3/51 HPs)
             Began as a Gargoyle Fighter on June 15, 2023.
             Slain by an orc warrior
             ... wielding a +0 glaive
              (10 damage)
             ... on level 6 of the Dungeon.
             The game lasted 00:02:56 (5473 turns).

qw the Cleaver (Gargoyle Fighter)                   Turns: 5473, Time: 00:02:57

Health: -3/51      AC: 15    Str: 28    XL:     8   Next: 56%
Magic:  7/7        EV:  9    Int:  9    God:
Gold:   135        SH:  4    Dex:  9    Spells: 7/7 levels left

rFire   . . .        Y - +0 war axe
rCold   . . .        c - +0 buckler
rNeg    + . .        n - +0 chain mail
rPois   inf          l - +0 helmet
rElec   +            o - +0 cloak
rCorr   .            (no gloves)
SInv    .            m - +1 pair of boots
Will    +....        (no amulet) Stlth
                     e - +6 ring of strength
HPRegen 0.28/turn    f - ring of willpower
MPRegen 0.10/turn

%: no passive effects
@: no status effects
A: sickness immunity, AC +5, negative energy resistance 1, electricity
resistance, torment resistance 1, petrification resistance, hooves 1, deformed
body, low MP 1
a: no special abilities


You were on level 6 of the Dungeon.
You visited 1 branch of the dungeon, and saw 6 of its levels.

You collected 292 gold pieces.
You spent 157 gold pieces at shops.


Innate Abilities, Weirdness & Mutations

You are immune to sickness and miasma.
Your stone body is resilient. (AC +5)
You are immune to poison.
You resist negative energy. (rN+)
You are resistant to electric shocks. (rElec)
You are resistant to unholy torment.
You are immune to petrification.
You have large cloven feet.
Armour fits poorly on your strangely shaped body.
Your magical capacity is low. (-10% MP)


   Skills:
 + Level 5.8 Fighting
 - Level 8.2 Axes
 - Level 4.0 Armour
 - Level 1.1 Dodging
 - Level 3.2 Shields


You had 7 spell levels left.
You didn't know any spells.
Your spell library was empty.

Inventory:

Hand Weapons
 i - a +0 morningstar
 Y - a +0 war axe (weapon)
Armour
 c - a +0 buckler (worn)
 k - a +0 pair of gloves of dexterity
 l - a +0 helmet (worn)
 m - a +1 pair of boots (worn)
 n - a +0 chain mail (worn)
 o - a +0 cloak (worn)
Jewellery
 e - a +6 ring of strength (left hand)
 f - a ring of willpower (right hand)
 g - a ring of ice
Scrolls
 a - 2 scrolls of identify
Potions
 b - 6 potions of curing
 d - 2 potions of might
 h - a potion of lignification
 j - a potion of magic

Dungeon Overview and Level Annotations

Branches:
Dungeon (6/15)
 Temple: D:4-7

Altars:
Gozag
Makhleb
Zin

Shops:
D:6 [


Message History

The orc warrior hits you with a +0 glaive.
Something hits you but does no damage.
Enter note:
Enter note:
Enter note:
Enter note:
Enter note:
Enter note:
Enter note:
Enter note:
Enter note: You hit the orc warrior.
The orc warrior is lightly wounded.
You barely miss something.
You hear some strange, mumbled words.
A magic dart appears from out of thin air!
The magic dart hits you but does no damage.
You barely miss the orc warrior.
The orc warrior is lightly wounded.
You slash the orc!
You kill the orc!
You barely miss something.
The orc warrior hits you with a +0 glaive!
Something hits you but does no damage.
You hit the orc warrior but do no damage.
The orc warrior is lightly wounded.
You miss something.
The orc warrior hits you with a +0 glaive!
You block something's attack.
You slash the orc warrior!
The orc warrior is heavily wounded.
You hit something. The orc warrior closely misses you.
Something hits you but does no damage.
You hit the orc warrior but do no damage.
The orc warrior is heavily wounded.
You closely miss something.
The orc warrior hits you with a +0 glaive!
Something hits you but does no damage. x2
The orc warrior hits you with a +0 glaive!
You die...

### ##.## ## #.##. # #.
##.## .#.# #.## #..
#... #)## #... ##@o#
#..# .# ##..{### .
##..# ...##......#...
###..## #.............
#....##
##......#####.....##..#
##......## ###..# #..#
#........### #..# #..#
...........#####.)#
##..
..................#
##..


You could see an orc warrior.

Vanquished Creatures
  Eustachio (D:4)
  A water moccasin (D:5)
  Duvessa (D:5)
  A black bear (D:6)
  An ice beast (D:5)
  An ogre (D:5)
  A scorpion (D:4)
  Dowan (D:5)
  2 hounds
  A jelly (D:5)
  An orc wizard (D:3)
  7 iguanas
  Robin (D:3)
  3 gnolls (D:5)
  11 adders
  3 ufetubi (D:5)
  3 dart slugs
  A worm (D:4)
  8 orcs
  A bat zombie (D:2)
  4 endoplasms
  3 giant cockroaches
  13 goblins
  8 hobgoblins
  8 jackals
  5 kobolds
  6 quokkas
  9 ball pythons
  2 ball python zombies (D:2)
  5 bats
  2 frilled lizards (D:2)
  2 jackal zombies (D:2)
  3 rats
120 creatures vanquished.

Notes
Turn   | Place    | Note
-------+----------+-------------------------------------------
     0 | D:1      | qw the Gargoyle Fighter began the quest for the Orb.
     0 | D:1      | Reached XP level 1. HP: 14/14 MP: 1/1
     0 | D:1      | 0 ||| qw: Version: 0.2-a-29-g511e9b1
     0 | D:1      | 0 ||| qw: Game counter: 5332
     0 | D:1      | 0 ||| qw: Always use a shield: true
     0 | D:1      | 0 ||| qw: God list: Okawaru
     0 | D:1      | 0 ||| qw: Allow faded altars: false
     0 | D:1      | 0 ||| qw: Do Orc after D:15 true
     0 | D:1      | 0 ||| qw: Do second Lair branch before Depths: true
     0 | D:1      | 0 ||| qw: Lair rune preference: random
     0 | D:1      | 0 ||| qw: Plans: Normal, Zot:1-4, Slime:5, God:TSO, Crypt,
                  | Tomb, Abyss, Pan, Hells, Win
     0 | D:1      | 0 ||| PLANNING D:1-11
    55 | D:1      | Reached skill level 2 in Axes
    96 | D:1      | 96 ||| Stepping ~*~*~tactically~*~*~ (stealth).
   107 | D:1      | Reached XP level 2. HP: 19/19 MP: 2/2
   122 | D:1      | 122 ||| Stepping ~*~*~tactically~*~*~ (stealth).
   498 | D:1      | 498 ||| UPGRADING to +6 ring of strength.
   499 | D:1      | 499 ||| READING scroll labelled YCKAAZ DETRERE.
   500 | D:1      | 500 ||| READING scroll labelled ROGRIS NULYQO.
   501 | D:1      | 501 ||| READING scroll labelled BESUXI YCAI.
   502 | D:1      | 502 ||| DRINKING 2 blue potions.
   628 | D:2      | Reached skill level 3 in Axes
   628 | D:2      | Reached XP level 3. HP: 10/23 MP: 3/3
   947 | D:2      | Found a faded altar of an unknown god.
  1072 | D:2      | 1072 ||| DROPPING +0 club.
  1172 | D:2      | Reached XP level 4. HP: 28/28 MP: 4/4
  1203 | D:2      | 1203 ||| Stepping ~*~*~tactically~*~*~ (stealth).
  1205 | D:2      | 1205 ||| Stepping ~*~*~tactically~*~*~ (hiding).
  1518 | D:2      | 1518 ||| UPGRADING to +1 pair of boots.
  1523 | D:2      | 1523 ||| UPGRADING to +0 chain mail.
  1533 | D:2      | 1533 ||| DROPPING +0 scale mail.
  1534 | D:2      | 1534 ||| UPGRADING to ring of willpower.
  1535 | D:2      | 1535 ||| READING scroll labelled NIKYTO SUTERY.
  1536 | D:2      | 1536 ||| READING scroll labelled YSOVEO COUDIV.
  1537 | D:2      | 1537 ||| DRINKING 2 bubbling white potions.
  1573 | D:2      | 1573 ||| READING 3 scrolls of identify.
  1573 | D:2      | 1573 ||| IDENTIFYING brown potion
  1574 | D:2      | 1574 ||| READING 2 scrolls of identify.
  1574 | D:2      | 1574 ||| IDENTIFYING glowing coppery potion
  1575 | D:2      | 1575 ||| DROPPING potion of degeneration.
  1733 | D:3      | Reached skill level 4 in Axes
  1811 | D:3      | 1811 ||| Stepping ~*~*~tactically~*~*~ (stealth).
  1838 | D:3      | 1838 ||| Stepping ~*~*~tactically~*~*~ (stealth).
  1966 | D:3      | 1966 ||| Stepping ~*~*~tactically~*~*~ (hiding).
  2097 | D:3      | 2097 ||| Stepping ~*~*~tactically~*~*~ (hiding).
  2133 | D:3      | Reached XP level 5. HP: 26/32 MP: 5/5
  2192 | D:3      | Found a glowing silver altar of Zin.
  2256 | D:3      | 2256 ||| Stepping ~*~*~tactically~*~*~ (stealth).
  2315 | D:3      | Noticed Robin
  2316 | D:3      | 2316 ||| Stepping ~*~*~tactically~*~*~ (hiding).
  2327 | D:3      | Killed Robin
  2336 | D:3      | 2336 ||| DROPPING +0 whip.
  2372 | D:3      | Reached skill level 5 in Axes
  2447 | D:3      | 2447 ||| UPGRADING to +0 helmet.
  2452 | D:3      | 2452 ||| READING 3 scrolls of identify.
  2452 | D:3      | 2452 ||| IDENTIFYING viscous clear potion
  2468 | D:4      | Found an opulent altar of Gozag.
  2479 | D:4      | Found an opulent altar of Gozag.
  2491 | D:4      | Found an opulent altar of Gozag.
  2575 | D:4      | Found an opulent altar of Gozag.
  2587 | D:4      | 2587 ||| DROPPING +0 mace.
  2857 | D:4      | 2857 ||| UPGRADING to +0 cloak.
  2862 | D:4      | 2862 ||| READING scroll labelled JONWUTZ MYHOYRGH.
  3004 | D:4      | Reached XP level 6. HP: 35/39 MP: 6/6
  3046 | D:4      | 3046 ||| Stepping ~*~*~tactically~*~*~ (hiding).
  3093 | D:4      | 3093 ||| Stepping ~*~*~tactically~*~*~ (stealth).
  3095 | D:4      | 3095 ||| Stepping ~*~*~tactically~*~*~ (stealth).
  3096 | D:4      | 3096 ||| Stepping ~*~*~tactically~*~*~ (stealth).
  3110 | D:4      | 3110 ||| Stepping ~*~*~tactically~*~*~ (stealth).
  3440 | D:4      | 3440 ||| READING scroll labelled QOIVEAGARI.
  3441 | D:4      | 3441 ||| READING 2 scrolls of identify.
  3441 | D:4      | 3441 ||| IDENTIFYING ruby potion
  3442 | D:4      | 3442 ||| DROPPING potion of brilliance.
  3496 | D:5      | Entered Level 5 of the Dungeon
  3496 | D:5      | Noticed Eustachio
  3505 | D:5      | 3505 ||| STAIRDANCE
  3562 | D:4      | Killed Eustachio
  3563 | D:4      | Reached skill level 6 in Axes
  3563 | D:4      | Reached XP level 7. HP: 25/44 MP: 7/7
  3684 | D:5      | Found a burning altar of Makhleb.
  3710 | D:5      | 3710 ||| READING scroll labelled KYLO YJISK.
  3714 | D:5      | 3714 ||| FLEEEEING.
  3715 | D:5      | 3715 ||| FLEEEEING.
  3716 | D:5      | 3716 ||| FLEEEEING.
  3717 | D:5      | 3717 ||| FLEEEEING.
  3718 | D:5      | 3718 ||| FLEEEEING.
  3719 | D:5      | 3719 ||| FLEEEEING.
  3723 | D:5      | 3723 ||| FLEEEEING.
  3724 | D:5      | 3724 ||| FLEEEEING.
  3725 | D:5      | 3725 ||| FLEEEEING.
  3726 | D:5      | 3726 ||| FLEEEEING.
  3727 | D:5      | 3727 ||| FLEEEEING.
  3728 | D:5      | 3728 ||| FLEEEEING.
  3729 | D:5      | 3729 ||| FLEEEEING.
  3730 | D:5      | 3730 ||| FLEEEEING.
  3732 | D:5      | 3732 ||| FLEEEEING.
  3734 | D:5      | 3734 ||| FLEEEEING.
  3735 | D:5      | 3735 ||| FLEEEEING.
  3736 | D:5      | 3736 ||| FLEEEEING.
  3745 | D:5      | Reached skill level 1 in Dodging
  3878 | D:5      | 3878 ||| Stepping ~*~*~tactically~*~*~ (stealth).
  3881 | D:5      | 3881 ||| Stepping ~*~*~tactically~*~*~ (stealth).
  3882 | D:5      | 3882 ||| Stepping ~*~*~tactically~*~*~ (stealth).
  3934 | D:5      | Reached skill level 7 in Axes
  4045 | D:5      | 4045 ||| Stepping ~*~*~tactically~*~*~ (hiding).
  4046 | D:5      | 4046 ||| Stepping ~*~*~tactically~*~*~ (hiding).
  4048 | D:5      | 4048 ||| Stepping ~*~*~tactically~*~*~ (hiding).
  4066 | D:5      | HP: 9/44 [gnoll/+0 spear (4)]
  4067 | D:5      | 4067 ||| DRINKING potion of heal wounds.
  4151 | D:5      | Reached XP level 8. HP: 40/50 MP: 8/8
  4647 | D:5      | Noticed Duvessa
  4648 | D:5      | Noticed Dowan
  4649 | D:5      | 4649 ||| Stepping ~*~*~tactically~*~*~ (hiding).
  4652 | D:5      | 4652 ||| Stepping ~*~*~tactically~*~*~ (hiding).
  4674 | D:5      | Killed Dowan
  4675 | D:5      | Killed Duvessa
  5049 | D:5      | 5049 ||| READING scroll labelled PYAROVVE ILEL.
  5053 | D:5      | 5053 ||| READING scroll labelled AKLE TY MOJ.
  5054 | D:5      | 5054 ||| DRINKING 2 fizzy yellow potions.
  5054 | D:5      | Gained mutation: Armour fits poorly on your strangely
                  | shaped body. [potion of mutation]
  5054 | D:5      | Gained mutation: Your mind is acute. (Int +4, Str/Dex -1)
                  | [potion of mutation]
  5054 | D:5      | Gained mutation: You have a pair of small horns on your
                  | head. [potion of mutation]
  5055 | D:5      | 5055 ||| DRINKING potion of mutation.
  5055 | D:5      | Lost mutation: You have a pair of small horns on your head.
                  | [potion of mutation]
  5055 | D:5      | Lost mutation: Your mind is acute. (Int +4, Str/Dex -1)
                  | [potion of mutation]
  5055 | D:5      | Gained mutation: Your magical capacity is low. (-10% MP)
                  | [potion of mutation]
  5055 | D:5      | Gained mutation: You have large cloven feet. [potion of
                  | mutation]
  5056 | D:5      | 5056 ||| UPGRADING to +0 helmet.
  5164 | D:6      | Reached skill level 8 in Axes
  5278 | D:6      | Found Yfiycse's Antique Armour Boutique.
  5281 | D:6      | 5281 ||| BUYING pair of runed gloves (157 gold).
  5281 | D:6      | Bought a pair of runed gloves for 157 gold pieces
  5281 | D:6      | 5281 ||| SHOPLISTING runed ring mail (147 gold, have 135).
  5473 | D:6      | HP: 7/51 [orc warrior/+0 glaive (10)]
  5473 | D:6      | Slain by an orc warrior

Levels and vault maps discovered:
D:1:      evilmike_arrival_come_back, layout_basic
D:2:      layout_loops_cross, serial_undead, serial_undead_a, serial_undead_c,
          serial_undead_f, serial_undead_b, serial_undead_f, serial_undead_d,
          shapermc_ecumenical_altar_totnotflames, minmay_ruptured
D:3:      layout_basic, lemuel_round_altar, grunt_ministairs_15, uniq_robin
D:4:      minmay_spotlight, layout_layer_cave,
          nicolae_gozag_conspicuous_consumption, grunt_decor_resistance
D:5:      layout_cave_pods, amcnicky_altar_gilded, uniq_duvessa, uniq_eustachio
D:6:      layout_layer_cave, serial_shops, nicolae_shop_behind_doors

Skill      XL: |  1  2  3  4  5  6  7  8 |
---------------+-------------------------+-----
Axes           | 2 3 4 5 6 7 8 |  8.2
Fighting       | 4 5 |  5.8
Dodging        | 1 |  1.1
Armour         | 4 |  4.0
Shields        | |  3.2

Action                     |  1- 3 |  4- 6 |  7- 9 || total
---------------------------+-------+-------+-------++-------
  Melee: War axe           |    79 |   263 |   146 ||   488
    Use: Scroll            |     3 |     8 |     3 ||    14
         Potion            |     1 |     1 |     3 ||     5
 Armour: Scale mail        |    33 |    10 |       ||    43
         Chain mail        |       |   184 |    85 ||   269
  Dodge: Dodged            |    24 |   118 |    61 ||   203
  Block: Buckler           |    20 |    61 |    36 ||   117

Table legend:
 A = Non-vault XP
 B = Vault XP
 C = Vault XP percentage of total XP
 D = Non-vault monster count
 E = Vault monster count
 F = Vault count percentage of total count
                 A         B        C        D         E       F
            +---------+---------+-------+---------+---------+-------
      Total |    1351 |     504 |  27.2 |      92 |      28 |  23.3
            +---------+---------+-------+---------+---------+-------
        D:1 |      25 |       0 |   0.0 |      14 |       0 |   0.0
        D:2 |      55 |      14 |  20.3 |      11 |       9 |  45.0
        D:3 |     105 |      38 |  26.6 |      18 |      13 |  41.9
        D:4 |     240 |     241 |  50.1 |      22 |       4 |  15.4
        D:5 |     755 |     211 |  21.8 |      24 |       2 |   7.7
        D:6 |     171 |       0 |   0.0 |       3 |       0 |   0.0
            +---------+---------+-------+---------+---------+-------
